 Dungeon Crawl Stone Soup version 0.31.0-1-g2c135a008e (webtiles) character file.

Game seed: 15819377543033886300

393 qw the Shooter (level 7, 0/50 HPs)
             Began as a Djinni Hunter on Jan 23, 2024.
             Killed from afar by an oklob plant (22 damage)
             ... with a splash of acid
             ... on level 3 of the Dungeon.
             The game lasted 00:00:12 (2036 turns).

qw the Shooter (Djinni Hunter)                      Turns: 2036, Time: 00:00:12

Health: 0/50       AC:  1    Str: 10    XL:     7   Next: 8%
Gold:   158        EV: 11    Int: 10    God:
                   SH:  0    Dex: 19

rFire   + + +        a - +1 shortbow (heavy)
rCold   x . .        (shield currently unavailable)
rNeg    . . .        h - +0 ring mail
rPois   inf          c - +0 helmet
rElec   .            (no cloak)
rCorr   .            j - +2 pair of gloves
SInv    .            (boots unavailable)
Will    .....        (no amulet)
Stlth   +            e - ring of protection from fire
HPRegen 0.28/turn    (no ring)
MPRegen 0.00/turn

%: infuse magic (-1 HP)
@: corroded, flying
A: sickness immunity, fire resistance 2, cold vulnerability 1, float, innate
caster, HP casting, extra vitality 1
a: no special abilities


You were on level 3 of the Dungeon.
You visited 1 branch of the dungeon, and saw 3 of its levels.

You collected 158 gold pieces.


Innate Abilities, Weirdness & Mutations

You are immune to sickness and miasma.
You are immune to poison.
Your flesh is very heat resistant. (rF++)
You are vulnerable to cold. (rC-)
You float through the air rather than walking.
You learn spells naturally, not from books.
Your magical power is your life essence.
You have superior vitality. (+4 MHP)


   Skills:
 + Level 3.0 Fighting
 - Level 5.9 Ranged Weapons
 - Level 1.0 Armour
 - Level 3.0 Dodging
 - Level 0.7 Stealth


You knew the following spells:

 Your Spells              Type           Power      Damage    Failure   Level
a - Necrotise             Necr           0%         1d4       67%         1
b - Mercury Vapours       Alch/Air       0%         N/A       82%         2
c - Vampiric Draining     Necr           0%         2d6       96%         3
Your spell library was empty.

Inventory:

Hand Weapons
 a - a +1 heavy shortbow (weapon)
Armour
 c - a +0 helmet (worn)
 h - a +0 ring mail (worn)
 j - a +2 pair of gloves (worn)
Jewellery
 e - a ring of protection from fire (left hand)
Potions
 g - a potion of heal wounds
 l - a potion of curing

Dungeon Overview and Level Annotations

Branches:
Dungeon (3/15)

Altars:
Fedhas
Gozag

Annotations:
D:3 exclusion: oklob plant


Message History

The splash of acid hits you! The acid corrodes you!
Enter note:
Enter note:
Enter note:
Enter note:
Enter note:
Enter note:
Enter note:
Enter note:
Enter note:
Enter note:
Enter note:
Enter note:
Enter note:
Enter note:
Enter note:
Enter note:
Enter note:
Enter note:
Enter note:
Enter note:
Enter note:
Enter note:
Enter note:
Enter note:
Enter note:
Enter note:
Enter note:
Enter note: You shoot an arrow.
The arrow hits the plant but does no damage.
You shoot an arrow.
The arrow hits the plant but does no damage.
You shoot an arrow.
The arrow hits the plant but does no damage.
You shoot an arrow. The arrow hits the plant.
The plant begins to die.
The plant is lightly damaged.
The oklob plant spits acid at you. The splash of acid hits you!!
You die...

#PP..~~~~...~~~~.7.PP
#7#.P.~~~~._.~~~~..7P#
#PP...~~~~...~~~~.P.PP
#P7P7.~~~~~.~~~~~.P7P7
#P7#P..~~~~.~~~~..P.7P
#PPP7P..~~~.~~~...PP#P
#PPPPPP..~~.~~...P.PPP
#P77PP.........##.PP#.


#P..P@P.PPP...7PPPPP7P #PP....PP.PP7.PPP7PPPP #.PP.#PPPPPP..7PPPPPPP
#PPP7PPPPPPP7PPPPPP.PP ###################### #..####.####.# #... #)...<.....#.#
#.## #.#####.##.#.#####%## #.......##...%.....## You could see an oklob plant.

Vanquished Creatures
  Grinder (D:3)
  A bombardier beetle (D:3)
  Jessica (D:2)
  Robin (D:2)
  4 adders
  2 ribbon worms
  A dart slug (D:1)
  7 bats
  5 endoplasms
  5 giant cockroaches
  16 goblins
  11 hobgoblins
  3 jackals (D:2)
  8 kobolds
  5 quokkas
  7 ball pythons
  4 frilled lizards
  A rat (D:3)
  A spectral goblin (D:3)
84 creatures vanquished.

Notes
Turn   | Place    | Note
-------+----------+-------------------------------------------
     0 | D:1      | qw the Djinni Hunter began the quest for the Orb.
     0 | D:1      | Reached XP level 1. HP: 18/18 MP: 0/0
     0 | D:1      | 0 ||| qw: Version: 0.3-a-134-g2ba4250
     0 | D:1      | 0 ||| qw: Game counter: 715
     0 | D:1      | 0 ||| qw: Melee chars always use a shield: true
     0 | D:1      | 0 ||| qw: God list: Okawaru
     0 | D:1      | 0 ||| qw: Allow faded altars: false
     0 | D:1      | 0 ||| qw: Do Orc after clearing Dungeon:15 true
     0 | D:1      | 0 ||| qw: Do second Lair branch before Depths: true
     0 | D:1      | 0 ||| qw: Lair rune preference: random
     0 | D:1      | 0 ||| qw: Goals: Normal
     0 | D:1      | 0 ||| PLANNING D:1-11
    85 | D:1      | Reached XP level 2. HP: 23/23 MP: 0/0
   270 | D:1      | Reached XP level 3. HP: 20/28 MP: 0/0
   270 | D:1      | Learned a level 1 spell: Necrotise
   276 | D:1      | Reached skill level 4 in Ranged Weapons
   558 | D:1      | 558 ||| UPGRADING to +0 ring mail.
   568 | D:1      | 568 ||| DROPPING +0 leather armour.
   569 | D:1      | 569 ||| UPGRADING to +0 pair of gloves.
   574 | D:1      | 574 ||| DROPPING +6 ring of intelligence.
   575 | D:1      | 575 ||| READING 2 scrolls labelled SESAHE LOSIY.
   575 | D:1      | 575 ||| IDENTIFYING inky potion
   576 | D:1      | 576 ||| READING scroll of identify.
   576 | D:1      | 576 ||| IDENTIFYING viscous emerald potion
   577 | D:1      | 577 ||| READING scroll labelled IRUVEITI KAGG.
   678 | D:1      | 678 ||| READING scroll labelled ODOVIKH MAFUVI.
   679 | D:1      | 679 ||| DRINKING 2 bubbling sapphire potions.
   680 | D:1      | 680 ||| DROPPING scroll of butterflies.
   681 | D:1      | 681 ||| DROPPING potion of attraction.
   682 | D:1      | 682 ||| DROPPING potion of invisibility.
   762 | D:2      | 762 ||| RETREEEEATING.
   763 | D:2      | 763 ||| RETREEEEATING.
   765 | D:2      | 765 ||| RETREEEEATING.
   766 | D:2      | 766 ||| RETREEEEATING.
   767 | D:2      | 767 ||| RETREEEEATING.
   768 | D:2      | 768 ||| RETREEEEATING.
   770 | D:2      | Reached skill level 1 in Armour
   826 | D:2      | Reached XP level 4. HP: 34/34 MP: 0/0
   902 | D:2      | Reached skill level 3 in Fighting
   902 | D:2      | Noticed Jessica
   906 | D:2      | Noticed Robin
   910 | D:2      | Killed Jessica
   913 | D:2      | Reached XP level 5. HP: 28/40 MP: 0/0
   913 | D:2      | Learned a level 2 spell: Mercury Vapours
   927 | D:2      | Killed Robin
  1297 | D:2      | 1297 ||| UPGRADING to +0 helmet.
  1302 | D:2      | 1302 ||| READING scroll of identify.
  1302 | D:2      | 1302 ||| IDENTIFYING fuming dark potion
  1303 | D:2      | 1303 ||| READING scroll labelled VIKLUSKOCU.
  1303 | D:2      | 1303 ||| ENCHANTING +0 shortbow.
  1304 | D:2      | 1304 ||| READING scroll labelled ZAEDDU CAMU.
  1304 | D:2      | 1304 ||| ENCHANTING +0 pair of gloves.
  1345 | D:3      | 1345 ||| READING scroll of enchant armour.
  1345 | D:3      | 1345 ||| ENCHANTING +1 pair of gloves.
  1421 | D:3      | Found an opulent altar of Gozag.
  1421 | D:3      | Noticed Grinder
  1441 | D:3      | 1441 ||| FLEEEEING.
  1442 | D:3      | 1442 ||| FLEEEEING.
  1443 | D:3      | 1443 ||| FLEEEEING.
  1450 | D:3      | Killed Grinder
  1451 | D:3      | Reached skill level 5 in Ranged Weapons
  1451 | D:3      | Reached XP level 6. HP: 17/46 MP: 0/0
  1639 | D:3      | Found a faded altar of an unknown god.
  1725 | D:3      | Reached XP level 7. HP: 49/50 MP: 0/0
  1725 | D:3      | Learned a level 3 spell: Vampiric Draining
  1771 | D:3      | Reached skill level 3 in Dodging
  1980 | D:3      | Found a blossoming altar of Fedhas.
  2014 | D:3      | Noticed an oklob plant
  2015 | D:3      | 2015 ||| UPGRADING to ring of protection from fire.
  2016 | D:3      | 2016 ||| READING scroll of identify.
  2016 | D:3      | 2016 ||| IDENTIFYING scroll labelled TAKLOE JYURGH
  2017 | D:3      | 2017 ||| READING scroll of brand weapon.
  2017 | D:3      | 2017 ||| BRANDING +1 shortbow.
  2036 | D:3      | Killed from afar by an oklob plant

Levels and vault maps discovered:
D:1:      psy_arrival_fountain, layout_rooms, serial_park_tiny_1,
          minmay_pentomino_q4
D:2:      layout_rooms, minmay_misc_feat_nine_boxes, uniq_robin, uniq_jessica
D:3:      layout_loops_cross, nicolae_gozag_seed_capital, tgw_fedhas,
          dreamdust_ecumenical_altar_drowned_temple, minmay_unequal,
          uniq_grinder

Skill      XL: |  1  2  3  4  5  6  7 |
---------------+----------------------+-----
Ranged Weapons | 4 5 |  5.9
Armour         | 1 |  1.0
Fighting       | 3 |  3.0
Dodging        | 3 |  3.0
Stealth        | |  0.7

Action                     |  1- 3 |  4- 6 |  7- 9 || total
---------------------------+-------+-------+-------++-------
   Fire: Shortbow          |   119 |   142 |    43 ||   304
    Use: Scroll            |     4 |     4 |     2 ||    10
         Potion            |     1 |       |       ||     1
 Armour: Leather armour    |    26 |       |       ||    26
         Ring mail         |    13 |    54 |    12 ||    79
  Dodge: Dodged            |    37 |    40 |    10 ||    87

Table legend:
 A = Non-vault XP
 B = Vault XP
 C = Vault XP percentage of total XP
 D = Non-vault monster count
 E = Vault monster count
 F = Vault count percentage of total count
                 A         B        C        D         E       F
            +---------+---------+-------+---------+---------+-------
      Total |     199 |     363 |  64.6 |      63 |      21 |  25.0
            +---------+---------+-------+---------+---------+-------
        D:1 |      39 |       3 |   7.1 |      22 |       2 |   8.3
        D:2 |      70 |      71 |  50.4 |      23 |      12 |  34.3
        D:3 |      90 |     289 |  76.3 |      18 |       7 |  28.0
            +---------+---------+-------+---------+---------+-------
